AoeStats
← |GaoeG| flamingo

Arabia

509179490Analyzed
4v4 RM · 7d ago on Sep 25, 2026· 55m 59s· 8 players
Game mode
Random Map
Map size
Large (8 player)
Population
200
Speed
Normal
Resources
Standard
Victory
Conquest
Starting age
Dark Age
Ending age
Imperial Age
RankedLock teamsTeams togetherTeam positionsShared explorationLock speedFull tech treeHidden civsTurbo modeCheats
Victory
Defeat
🇪🇸 Poles · Spain
1350
+9
🇪🇸 Vietnamese · Spain
1290
+11
🇹🇷 Huns · Türkiye
1101
+20
🇪🇸 Franks · Spain
775
+29
🇨🇭 Maya · Switzerland
1222
-19
🇺🇸 Burgundians · United States
1169
-18
🇲🇽 Persians · Mexico
1159
-17
🇻🇪 Franks · Venezuela
1109
-15
|GaoeG| flamingo
6:51 Loom
9:13 Feudal Age
10:02 Double-Bit Axe
13:47 Town Watch
17:38 Fletching
20:28 Wheelbarrow
23:24 Castle Age
22:44 Gold Mining
22:36 Horse Collar
23:24 Bloodlines
23:18 Padded Archer Armor
24:08 Bodkin Arrow
24:28 Bow Saw
25:39 Husbandry
29:22 Heavy Plow
35:44 Scale Barding Armor
35:55 Leather Archer Armor
36:33 Thumb Ring
37:25 Ballistics
37:48 Chain Barding Armor
44:30 Imperial Age
42:44 Hand Cart
46:42 Plate Barding Armor
46:17 Forging
46:15 Chatras
46:36 Paper Money
46:46 Elite Battle Elephant
49:14 Iron Casting
claran33
10:57 Feudal Age
9:13 Loom
9:16 Loom
11:31 Double-Bit Axe
22:52 Castle Age
22:35 Wheelbarrow
23:34 Stone Mining
23:34 Gold Mining
23:41 Pikeman
25:57 Bow Saw
28:06 Scale Mail Armor
31:44 Hand Cart
33:45 Gold Shaft Mining
47:36 Imperial Age
47:11 Husbandry
47:39 Cavalier
55:10 Paladin
DarkIce4999
10:37 Feudal Age
11:12 Horse Collar
11:20 Double-Bit Axe
19:09 Gold Mining
21:21 Castle Age
19:08 Loom
20:37 Wheelbarrow
20:16 Forging
20:49 Bloodlines
21:51 Fletching
22:02 Padded Archer Armor
22:36 Bow Saw
22:29 Bodkin Arrow
24:35 Light Cavalry
27:53 Gold Shaft Mining
28:36 Thumb Ring
28:56 Heavy Plow
|GaoeG| Tifus
6:50 Loom
9:34 Feudal Age
10:24 Horse Collar
11:26 Double-Bit Axe
13:36 Fletching
13:59 Forging
18:12 Scale Barding Armor
18:37 Gold Mining
22:08 Castle Age
21:32 Bloodlines
23:20 Wheelbarrow
23:00 Husbandry
22:21 Light Cavalry
24:29 Iron Casting
30:55 Imperial Age
30:01 Hand Cart
29:58 Szlachta Privileges
31:11 Cavalier
35:33 Chain Barding Armor
36:22 Hand Cart
40:12 Heavy Plow
42:05 Town Watch
42:16 Winged Hussar
48:24 Crop Rotation
48:08 Bow Saw
50:34 Blast Furnace
53:03 Lechitic Legacy
ralph ulrich
9:09 Double-Bit Axe
9:13 Horse Collar
10:41 Wheelbarrow
9:52 Loom
12:54 Feudal Age
14:13 Hand Cart
14:12 Bow Saw
22:42 Castle Age
22:13 Gold Mining
25:03 Pikeman
{WaZzU'P} Sr Gilmapi
6:23 Loom
10:28 Feudal Age
11:59 Scale Barding Armor
12:05 Forging
22:17 Castle Age
22:17 Double-Bit Axe
22:37 Gold Mining
23:03 Husbandry
24:25 Chain Barding Armor
33:50 Fletching
34:37 Iron Casting
37:48 Wheelbarrow
luisignaciogh
5:16 Loom
15:09 Feudal Age
16:25 Wheelbarrow
17:36 Bloodlines
18:41 Forging
24:52 Castle Age
23:17 Horse Collar
23:25 Double-Bit Axe
23:31 Stone Mining
23:48 Gold Mining
29:20 Heavy Plow
29:34 Bow Saw
30:28 Scale Barding Armor
32:21 Husbandry
33:47 Iron Casting
33:59 Chain Barding Armor
34:07 Devotion
39:32 Imperial Age
46:09 Imperial Age
45:16 Murder Holes
49:19 Elite War Elephant
{WaZzU'P} GranPolo
0:27 Loom
10:58 Feudal Age
21:28 Castle Age
24:14 Double-Bit Axe
36:11 Fletching
36:49 Padded Archer Armor
37:29 Town Watch
38:57 Leather Archer Armor
Connection lost

Rejoining the realm…

Still unreachable

The connection could not be restored.

Session expired

The server has moved on; the page needs a fresh start.